Map: Catalyst LE

Players

SouLeer

  • Race: Zerg Zerg
  • Spawn Location: 5:00

DeMusliM - Winner!

  • Race: Terran Terran
  • Spawn Location: 11:00

Event: WCS Valencia 2018

VOD

Have the link to the VOD?

Description

Time

  • Played on: July 12, 2018, 6:34 a.m.
  • Length: 2:54

All games in this series

Show
View Real Time Build Order
Export as new Build Order

SouLeer Zerg 

Build Orders: Pool First 

Get SALT Encoding   

  12  0:00  Drone  
  13  0:12  Overlord  
  13  0:16  Drone  
  14  0:30  Drone x2  
  14  0:35  Drone  
  17  0:38  Extractor  
  16  0:48  Spawning Pool  
  15  0:50  Drone  
  15  0:56  Drone  
  17  1:18  Hatchery  
  16  1:35  Zergling x6  
  19  1:47  Queen  
  21  1:54  Overlord  
  21  1:58  Drone  
  22  2:10  Spine Crawler  
  22  2:12  Zergling x2  
  22  2:20  Zergling x2  
  20  2:31  Zergling x4  
Show
View Real Time Build Order
Export as new Build Order

DeMusliM Terran - Winner!

Build Orders:  

Get SALT Encoding   

  12  0:00  SCV  
  13  0:13  SCV  
  14  0:19  Supply Depot  
  14  0:25  SCV  
  15  0:41  Barracks  
  15  0:54  Barracks  
  15  1:07  Barracks  
  15  1:27  Orbital Command  
  15  1:28  Marine  
  16  1:41  Marine  
  16  1:46  Marine  
  18  1:50  Supply Depot  
  18  1:55  Marine  
  18  1:59  Marine  
  20  2:03  Marine  
  20  2:07  SCV  
  22  2:10  Bunker  
  22  2:12  Marine  
  23  2:19  Marine  
  23  2:30  Marine x2  
  23  2:33  SCV  
Tags
 
Add a new tag
Caveats
  • Supply blocks, unpowered buildings, or Contaminate may cause inaccurate times.
  • Supply counts are checked every 10 seconds.